 Dungeon Crawl Stone Soup version 0.26-a0-812-g31a745ddcd (webtiles) character file.

Game seed: 11541943159410980113

64 tilp the Ruffian (level 4, 0/42 HPs)
             Began as an Ogre Transmuter on Dec 9, 2020.
             Slain by a worm (5 damage)
             ... on level 2 of the Dungeon.
             The game lasted 00:03:14 (1948 turns).

tilp the Ruffian (Ogre Transmuter)                  Turns: 1948, Time: 00:03:14

Health: 0/42       AC:  4    Str: 14    XL:     4   Next: 12%
Magic:  2/7        EV:  7    Int: 15    God:
Gold:   42         SH:  6    Dex:  9    Spells: 1/7 levels left

rFire    . . .     SeeInvis .     - Unarmed
rCold    . . .     Faith    .   b - +0 kite shield
rNeg     . . .     Spirit   .   a - +0 robe
rPois    .         Reflect  .   (helmet restricted)
rElec    .         Harm     .   e - +0 cloak
rCorr    .         Rampage  .   (gloves unavailable)
MR       .....                  (boots unavailable)
Stlth    +.........             (no amulet)
HPRegen  0.14/turn              (no ring)
MPRegen  0.10/turn              (no ring)

@: lethally poisoned (0 -> -6), very slightly contaminated
A: large, unfitting armour, tough skin 1
a: no special abilities


You were on level 2 of the Dungeon.
You visited 1 branch of the dungeon, and saw 2 of its levels.

You collected 42 gold pieces.

Inventory:

Missiles
 f - 53 stones (quivered)
Armour
 a - a +0 robe (worn)
 b - a +0 kite shield (worn)
 e - a +0 cloak (worn)
Scrolls
 c - 2 scrolls of noise {unknown}
 d - 3 scrolls of remove curse {unknown}
 g - a scroll of random uselessness {unknown}
 i - a scroll of identify {unknown}
Potions
 h - a potion of might


   Skills:
 + Level 2.1 Fighting
 - Level 2.0 Dodging
 + Level 4.0 Unarmed Combat
 - Level 2.4 Spellcasting
 + Level 2.0 Transmutations


You had one spell level left.
You knew the following spells:

 Your Spells              Type           Power        Failure   Level
a - Beastly Appendage     Tmut           #.....       54%         1
b - Wereblood             Tmut           #.......     67%         2
c - Spider Form           Tmut/Pois      #.........   96%         3

Your spell library contained the following spells:

 Spells                   Type           Power        Failure   Level
 Ice Form                 Ice/Tmut       #.......     100%        4
 Blade Hands              Tmut           #.........   100%        5


Dungeon Overview and Level Annotations

Branches:
Dungeon (2/15)

Altars:


Innate Abilities, Weirdness & Mutations

You are too large for most types of armour.
You have tough skin. (AC +1)


Message History

Your Unarmed Combat skill increases to level 4!
You need to enable at least one skill for training.
You have reached level 4!
* * * LOW HITPOINT WARNING * * *
You feel sick.
Okay, then.
You hit the worm. You headbutt the worm!
The worm is severely wounded.
Your horns disappear.
Your talons disappear.
* * * LOW HITPOINT WARNING * * *
You feel sick.
You barely miss the worm.
The worm is severely wounded.
* * * LOW HITPOINT WARNING * * *
You feel sick. The worm bites you.
* * * LOW HITPOINT WARNING * * *
You hit the worm.
The worm is almost dead.
The worm bites you.
You die...

#.#.#.#.#.#..####.### ..
.#.#.#.#.#..#....... ...
#.#.#.#.#.#.#.###.# ....
.#.#.#.#.#........###.....
#.#.#.#.#.#.[.......w.....
.#.#.#.#.#.)##.....S......
#.#.#.#.#.#......####)....
###.##......####w#.....###
#.#>.....## #@......#
#...#..(..# ###.....#
#.........# ##......#
##........####..>..÷.#
#.....÷...##........######
#.........#####...<.......
#.....[...÷..##......#####
#........###..#......#
#........# ##.......##


You could see a worm.

Vanquished Creatures
  An adder (D:2)
  An ooze (D:2)
  5 dart slugs
  A worm (D:2)
  2 leopard geckos (D:1)
  2 giant cockroaches
  4 goblins
  4 hobgoblins
  3 jackals (D:1)
  5 kobolds
  A ball python (D:1)
  3 bats (D:1)
  6 rats
38 creatures vanquished.

Notes
Turn   | Place    | Note
-------+----------+-------------------------------------------
     0 | D:1      | tilp the Ogre Transmuter began the quest for the Orb.
     0 | D:1      | Reached XP level 1. HP: 19/19 MP: 3/3
   660 | D:1      | Reached XP level 2. HP: 26/28 MP: 3/5
   678 | D:1      | Learned a level 2 spell: Wereblood
   748 | D:1      | Reached skill level 3 in Unarmed Combat
   940 | D:1      | Reached XP level 3. HP: 27/35 MP: 6/6
  1568 | D:1      | Learned a level 3 spell: Spider Form
  1945 | D:2      | Reached skill level 4 in Unarmed Combat
  1945 | D:2      | Reached XP level 4. HP: 8/42 MP: 2/7
  1948 | D:2      | Slain by a worm

Illustrated notes

Levels and vault maps discovered:
D:1:      minmay_arrival_hallway, layout_rooms, st_stairs_7,
          hangedman_glass_teeth, minmay_pentomino_w4
D:2:      layout_rooms, minivault_23, wander_ebering_terrifying_dragon_lair

Skill      XL: |  1  2  3 |
---------------+----------+-----
Transmutations | 2 |  2.0
Dodging        | 2 |  2.0
Fighting       | 2 |  2.1
Unarmed Combat | 3 4 |  4.0
Spellcasting   | |  2.4

Action                   |  1- 3 |  4- 6 || total
-------------------------+-------+-------++-------
Melee: Unarmed           |   140 |     3 ||   143
       Headbutt          |    14 |     1 ||    15
       Kick              |    18 |       ||    18
Throw: Stone             |     2 |       ||     2
 Cast: Beastly Appendage |    15 |       ||    15
  Use: Potion            |     2 |       ||     2
Armor: Robe              |    37 |       ||    37
Dodge: Dodged            |    48 |       ||    48
Block: Kite shield       |    37 |       ||    37

Table legend: (Time is in decaauts)
 A = Elapsed time spent in this place.
 B = Non-inter-level travel time spent in this place.
 C = Inter-level travel time spent in this place.
 D = Time resting spent in this place.
 E = Time spent auto-exploring this place.
 F = Levels seen in this place.
 G = Mean time per level.
                   A        B        C        D        E       F      G
               +--------+--------+--------+--------+--------+-----+--------+
         Total |   1952 |   1918 |     34 |    833 |    725 |   2 |  976.0 |
       Dungeon |   1952 |   1918 |     34 |    833 |    725 |   2 |  976.0 |
               +--------+--------+--------+--------+--------+-----+--------+

Top non-repeatable levels by time:
     D:1: 1606 daAuts
     D:2: 346 daAuts
